 Dungeon Crawl Stone Soup version 0.17-a0-719-g32c6a46 (webtiles) character file.

34 Sixotanaka the Chopper (level 3, -4/20 HPs)
             Began as a Vine Stalker Berserker on Apr 19, 2015.
             Was a Follower of Trog.
             Asphyxiated
             ... on level 5 of the Dungeon.
             The game lasted 00:01:43 (211 turns).

Sixotanaka the Chopper (Vine Stalker Berserker)      Turns: 211, Time: 00:01:43

Health: -4/20      AC:  6    Str: 20    XL:     3   Next: 31%
Magic:  0/4        EV: 12    Int:  7    God:    Trog [*.....]
Gold:   4          SH:  0    Dex: 13    Spells: 0 memorised, 2 levels left

rFire  + . .     SeeInvis .     a - +0 hand axe
rCold  . . .     Clarity  .     h - +2 leather armour {rF+}
rNeg   . . .     SustAb   .     (no shield)
rPois  .         Gourm    .     (no helmet)
rElec  .         Spirit   +     (no cloak)
rCorr  .         Warding  .     (no gloves)
rMut   .         Stasis   .     (no boots)
MR     .....                    (no amulet)
Stlth  +.........               (no ring)
                                (no ring)

@: lethally poisoned (-4 -> -37), exhausted, slowed, very slow, not resistant to
hostile enchantments, very unstealthy
A: fangs 2, regeneration 1, shaggy fur 1, magic shield, antimagic bite, no
device heal 3, rot immunity
a: Burn Spellbooks, Berserk, Renounce Religion


You were on level 5 of the Dungeon.
You worshipped Trog.
Trog was aware of your devotion.
You were not hungry.

You visited 1 branch of the dungeon, and saw 5 of its levels.

You collected 4 gold pieces.


Innate Abilities, Weirdness & Mutations

You have extremely sharp teeth.
Your natural rate of healing is unusually fast.
You are covered in fur (AC +1).
When hurt, damage is shared between your health and your magic reserves.
Your bite disrupts and absorbs the magic of your enemies.
Potions and wands cannot restore your health.
You are immune to rotting.


   Skills:
 + Level 3.0 Fighting
 * Level 3.0 Axes
 + Level 2.0 Armour
 + Level 2.0 Dodging


You had 2 spell levels left.
You didn't know any spells.

Dungeon Overview and Level Annotations

Branches:
Dungeon (5/15)
 Temple: D:4-7

Altars:
Gozag

Shops:
D:3 *

Inventory:

Hand weapons
 a - a +0 hand axe (weapon)
Armour
 b - a +0 animal skin
 h - a +2 leather armour of fire resistance (worn)
   (You found it on level 3 of the Dungeon)
Potions
 d - a potion of might {unknown}
 e - a potion of brilliance {unknown}
Comestibles
 c - 2 bread rations
 f - 3 chunks of flesh
 g - a meat ration

#......#
#......#
+......#
#...(..#
#..<...#
#......#
#...####
#...#
#@..#
+...#
#K..#
#####


You could see a kobold.


Message History

You climb downwards.
A centaur skeleton comes into view.
There is a stone staircase leading up here.
You hit the centaur skeleton. You bite the centaur skeleton.
You drain its power.
The centaur skeleton hits you but does no damage. x2
You hit the centaur skeleton. You bite the centaur skeleton.
You drain its power.
The centaur skeleton closely misses you.
A red film seems to cover your vision as you go berserk!
You feel yourself moving faster!
You feel mighty!
You feel somewhat more hungry. The centaur skeleton misses you.
You slash the centaur skeleton! You bite the centaur skeleton.
You drain its power.
The centaur skeleton closely misses you.
You slash the centaur skeleton!
You destroy the centaur skeleton!
Your Fighting skill increases to level 3!
Your Axes skill increases to level 3!
Your Armour skill increases to level 2!
Your Dodging skill increases to level 2!
You have reached level 2!
You have reached level 3!
Your experience leads to an increase in your attributes!
Your base attributes are Str 19, Int 7, Dex 13.
Increase (S)trength, (I)ntelligence, or (D)exterity?
You feel stronger.
There is a stone staircase leading up here.
You start resting.
You feel a strong urge to attack something.
You start resting.
You feel your anger subside.
You are no longer berserk.
You are exhausted.
You feel yourself slow down.
Found 4 gold pieces.
Found a stone staircase leading down.
You now have 4 gold pieces.
There is a stone staircase leading down here.
You climb downwards.
A kobold comes into view.
The kobold shouts!
There is a stone staircase leading up here.
The kobold wields a blowgun.
The kobold shoots a curare-tipped needle.
The curare-tipped needle hits you.
You are poisoned.
You have difficulty breathing.
You feel as though you will be slow longer.
You feel sick.
The kobold shoots a curare-tipped needle.
The curare-tipped needle closely misses you.
You feel sick.
The kobold shoots a curare-tipped needle.
The curare-tipped needle hits you.
You are lethally poisoned!
You have difficulty breathing.
* * * LOW HITPOINT WARNING * * *
You feel as though you will be slow longer.
The kobold shoots a curare-tipped needle.
The curare-tipped needle barely misses you.
Drink which item? (? for menu, Esc to quit)
Okay, then.
You can't do that.
You're too exhausted to go berserk.
* * * LOW HITPOINT WARNING * * *
You feel very sick.
The kobold shoots a curare-tipped needle.
The curare-tipped needle hits you.
You are more poisoned.
You have difficulty breathing.
You die...

Action                   || total
-------------------------++-------
Melee: Hand axe          ||    19
Invok: Berserk           ||     1

Vault maps used:
D:1:      dpeg_arrival_round_c, minmay_misc_feat_doors, serial_bayou_pond_d,
          minmay_misc_feat_four_crosses
D:2:      nicolae_overflow_crystal_walls, zin_academy, kennysheep_generic_room_9
D:3:      nicolae_gozag_zags_fifth_avenue, trog_three_pillars_becter,
          uniq_grinder
D:4:      grunt_dithmenos_shadows, minmay_temple_entry_grid, first_bread,
          serial_shops, shop, tgw_fedhas
D:5:      grunt_temple_overflow_forces_of_nature, serial_shops, shop, shop,
          shop, nicolae_shop_trees, uniq_prince_ribbit1

Notes
Turn   | Place    | Note
--------------------------------------------------------------
     0 | D:1      | Sixotanaka, the Vine Stalker Berserker, began the quest for the Orb.
     0 | D:1      | Reached XP level 1. HP: 11/11 MP: 2/2
   112 | D:3      | Found Gozag's Platinum Reserve.
   119 | D:3      | Found an opulent altar of Gozag.
   182 | D:4      | Noticed a centaur skeleton
   188 | D:4      | Killed a centaur skeleton
   188 | D:4      | Reached skill level 3 in Fighting
   188 | D:4      | Reached skill level 3 in Axes
   188 | D:4      | Reached skill level 2 in Armour
   188 | D:4      | Reached skill level 2 in Dodging
   188 | D:4      | Reached XP level 2. HP: 16/16 MP: 3/3
   188 | D:4      | Reached XP level 3. HP: 20/20 MP: 4/4
   207 | D:5      | Entered Level 5 of the Dungeon
   211 | D:5      | HP: 5/20 [poisoned by kobold (curare-tipped needle)]
   211 | D:5      | Asphyxiated

Vanquished Creatures
  A centaur skeleton (D:4)
  2 kobolds
  A bat (D:3)
  A giant cockroach (D:2)
  A quokka (D:3)
  A rat (D:2)
7 creatures vanquished.
